 Dungeon Crawl Stone Soup version 0.31-a0-844-gdc52ec4e09 (webtiles) character file.

Game seed: 13237954184564249570

146 porpoise the Shooter (level 5, 0/41 HPs)
             Began as a Human Hunter on Oct 1, 2023.
             Slain by Grinder (4 damage)
             ... on level 4 of the Dungeon.
             The game lasted 00:07:17 (2685 turns).

porpoise the Shooter (Human Hunter)                 Turns: 2685, Time: 00:07:17

Health: 0/41       AC:  8    Str: 11    XL:     5   Next: 53%
Magic:  5/5        EV: 12    Int:  9    God:
Gold:   126        SH:  0    Dex: 19    Spells: 4/4 levels left

rFire   . . .        a - +0 shortbow
rCold   . . .        (shield currently unavailable)
rNeg    . . .        c - +1 leather armour
rPois   +            (no helmet)
rElec   .            (no cloak)
rCorr   .            (no gloves)
SInv    .            (no boots)
Will    .....        (no amulet)
Stlth   ++           i - ring of poison resistance
HPRegen 0.26/turn    t - +4 ring of protection
MPRegen 0.09/turn

%: no passive effects
@: no status effects
A: no striking features
a: no special abilities


You were on level 4 of the Dungeon.
You visited 1 branch of the dungeon, and saw 4 of its levels.

You collected 126 gold pieces.

Inventory:

Hand Weapons
 a - a +0 shortbow (weapon)
 b - a +1 dagger of venom
 q - the +0 whip of Reason {protect, Drain rCorr Int+6 SInv}
   (You found it on level 2 of the Dungeon)

   Int+6:     It affects your intelligence (+6).
   SInv:      It lets you see invisible.
   rCorr:     It protects you from acid and corrosion.
   Drain:     It drains your maximum health when unequipped.
Armour
 c - a +1 leather armour (worn)
Jewellery
 i - a ring of poison resistance (left hand)
 n - a ring of fire
 t - a +4 ring of protection (right hand)
 w - a ring of fire
Scrolls
 f - a scroll of blinking
 j - a scroll of butterflies
 k - a scroll of enchant weapon {unknown}
 l - a scroll of teleportation
 m - a scroll of fog {unknown}
 o - a scroll of revelation {unknown}
 p - 3 scrolls of enchant armour
 x - a scroll of noise {unknown}
Potions
 d - 2 potions of haste
 e - a potion of berserk rage
 g - 2 potions of degeneration
 h - a potion of brilliance
 r - a potion of curing {unknown}
 s - a potion of mutation {unknown}
 u - a potion of heal wounds {unknown}
 v - a potion of might {unknown}


   Skills:
 + Level 3.4 Fighting
 * Level 5.7 Ranged Weapons
 - Level 2.0 Dodging
 - Level 1.0 Stealth


You had 4 spell levels left.
You didn't know any spells.
Your spell library was empty.

Dungeon Overview and Level Annotations

Branches:
Dungeon (4/15)
 Temple: D:4-7

Altars:
Ashenzari
Okawaru

Annotations:
D:4 Grinder, Robin


Message History

Grinder shouts!
You hear an angry hiss.
Your +1 dagger of venom stops dripping with poison.
a - a +0 shortbow (weapon)
You shoot an arrow. The arrow hits Grinder.
Grinder is lightly wounded.
Grinder gestures at you. You resist with significant effort.
You shoot an arrow. The arrow hits Grinder!
Grinder is moderately wounded.
Grinder gestures at you. You resist with significant effort.
You shoot an arrow. The arrow hits Grinder.
Grinder is heavily wounded.
An adder comes into view.
You shoot an arrow. The arrow hits Grinder.
Grinder is heavily wounded.
Grinder hits you!
You shoot an arrow. The arrow closely misses Grinder.
Grinder hits you but does no damage.
You shoot an arrow. The arrow hits Grinder.
Grinder is heavily wounded.
Grinder hits you!
You shoot an arrow. The arrow hits Grinder!
Grinder is severely wounded.
The adder bites you but does no damage.
Grinder says, "I used to sell toenails on the black market."
Grinder hits you.
You shoot an arrow. The arrow hits Grinder.
Grinder is severely wounded.
The adder bites you but does no damage. Grinder hits you.
The adder barely misses you.
You shoot an arrow. The arrow closely misses Grinder.
The arrow hits the adder!
The adder is severely wounded.
Grinder hits you.
You writhe in agony.
Grinder blinks!
You are too injured to fight recklessly!
You shoot an arrow. The arrow barely misses Grinder.
Grinder hits you!
* * * LOW HITPOINT WARNING * * *
You writhe in agony.
You die...
Grinder says, "Now the real fun starts!"

###.#.........
##...###<###...
######..#####..##...
##...............)..#
#.......####.##.##..#
#...###.# #.##.....#
#...# #.## #.. ###..#
#...##...###... #...
#..5@S._.......# #...
#..###...##..... ...#
#..# ##.## .....# ..
##.# .# #...... ..
#.# . .. #.. .. ###
##


You could see Grinder and an adder.

Vanquished Creatures
  6 adders
  2 dart slugs
  3 orcs
  4 ball pythons
  7 endoplasms
  A giant cockroach (D:2)
  20 goblins
  5 hobgoblins
  6 jackals
  4 quokkas
  5 bats
  6 frilled lizards
  6 kobolds
  3 rats
78 creatures vanquished.

Notes
Turn   | Place    | Note
-------+----------+-------------------------------------------
     0 | D:1      | porpoise the Human Hunter began the quest for the Orb.
     0 | D:1      | Reached XP level 1. HP: 16/16 MP: 1/1
    84 | D:1      | Found a faded altar of an unknown god.
   115 | D:1      | Reached XP level 2. HP: 22/22 MP: 2/2
   507 | D:1      | Reached XP level 3. HP: 25/28 MP: 3/3
   957 | D:2      | Reached XP level 4. HP: 27/34 MP: 4/4
   966 | D:2      | Reached skill level 5 in Ranged Weapons
  1053 | D:2      | Found an iron altar of Okawaru.
  1191 | D:2      | Identified the +0 whip of Reason {protect, Drain rCorr
                  | Int+6 SInv}
  1916 | D:3      | You fall into a shaft and drop 1 floor!
  1939 | D:4      | Reached XP level 5. HP: 41/41 MP: 5/5
  2430 | D:4      | Noticed Robin
  2657 | D:4      | Found a broken altar of Ashenzari.
  2673 | D:4      | Noticed Grinder
  2685 | D:4      | Slain by Grinder

Illustrated notes

Levels and vault maps discovered:
D:1:      minmay_arrival_nine_rooms, layout_basic,
          hellmonk_ecumenical_altar_lost_god, chequers_avenue
D:2:      minmay_chambers_of_twos, layout_loops_corners, basic_altar
D:3:      layout_rooms
D:4:      layout_rooms, nzn_wu_jian_council_hall,
          nicolae_overflow_crystal_walls, nicolae_gozag_zags_fifth_avenue,
          minmay_temple_entry_tees, uniq_grinder, uniq_crazy_yiuf_cottage,
          uniq_blork_the_orc, uniq_robin

Skill      XL: |  1  2  3  4 |
---------------+-------------+-----
Ranged Weapons | 5 |  5.7
Fighting       | 3 |  3.4
Dodging        | |  2.0
Stealth        | |  1.0

Action                     |  1- 3 |  4- 6 || total
---------------------------+-------+-------++-------
  Melee: Dagger            |     5 |    56 ||    61
         Punch             |       |     1 ||     1
   Fire: Shortbow          |    79 |    94 ||   173
    Use: Scroll            |       |     7 ||     7
 Armour: Leather armour    |    13 |   106 ||   119
  Dodge: Dodged            |    21 |    82 ||   103

Table legend: (Time is in decaauts)
 A = Elapsed time spent in this place.
 B = Non-inter-level travel time spent in this place.
 C = Inter-level travel time spent in this place.
 D = Time resting spent in this place.
 E = Time spent auto-exploring this place.
 F = Levels seen in this place.
 G = Mean time per level.
                   A        B        C        D        E       F      G
               +--------+--------+--------+--------+--------+-----+--------+
         Total |   2718 |   2619 |     99 |    283 |   1852 |   4 |  679.5 |
       Dungeon |   2718 |   2619 |     99 |    283 |   1852 |   4 |  679.5 |
               +--------+--------+--------+--------+--------+-----+--------+

Top non-repeatable levels by time:
     D:2: 1048 daAuts
     D:3: 815 daAuts
     D:1: 774 daAuts
     D:4: 80 daAuts
